[Event "fics rated crazyhouse match"]
[Site "fics, Oklahoma City, OK USA"]
[Date "2000.12.01"]
[White "VampireGod"]
[WhiteElo "2290"]
[Black "BarryWhite"]
[BlackElo "2443"]
[TimeControl "120+0"]
[Result "0-1"]

1. e4 e6 2. d4 d5 3. exd5 exd5 4. Nf3 Nc6 5. Nc3 Bb4 6. Bb5 
Qe7+ 7. P@e5 Nf6 8. Bd2 Bxc3 9. bxc3 Ne4 10. Bxc6+ bxc6 11. B@g5 f6 
12. exf6 gxf6 13. Bxf6 Nxf6+ 14. P@e5 P@g7 15. Qe2 B@b5 16. P@d3 Bxd3 17. Qxd3 
B@a6 18. Qe3 N@f5 19. Qg5 P@h6 20. Qf4 P@g5 21. Nxg5 hxg5 22. Qxg5 N@e4 
23. Qf4 Nxd2 24. Qxd2 Ne4 25. P@d3 Nxd2 26. Kxd2 B@h6+ 27. P@e3 Bxd3 28. cxd3 
P@b4 29. B@c5 Q@b2+ 30. N@c2 bxc3+ 31. Ke2 Qxc2+ 32. Kf3 Nh4+ 33. Kg3 N@h5# 
{VampireGod checkmated} 0-1

[Event "fics rated crazyhouse match"]
[Site "fics, Oklahoma City, OK USA"]
[Date "2000.12.01"]
[White "BarryWhite"]
[WhiteElo "2448"]
[Black "VampireGod"]
[BlackElo "2285"]
[TimeControl "120+0"]
[Result "1-0"]

1. e4 e6 2. d4 Nc6 3. Be3 Nf6 4. Bd3 d5 5. e5 Ne4 6. Nh3 
Be7 7. O-O O-O 8. f3 Ng5 9. Nxg5 Bxg5 10. Bxg5 Qxg5 11. N@h3 Qd8 
12. B@e3 N@f5 13. Bxf5 exf5 14. Nc3 B@h4 15. N@h5 B@g5 16. Qe2 Bxe3+ 17. Qxe3 
B@g5 18. f4 Bh6 19. B@g5 B4xg5 20. fxg5 f4 21. Rxf4 Bxg5 22. P@f6 gxf6 
23. Nxf6+ Bxf6 24. exf6 Re8 25. P@e7 Nxe7 26. fxe7 Rxe7 27. N@h6+ Kh8 28. B@e5+ 
P@g7 29. Bxg7+ Kxg7 30. B@f6+ Kxh6 31. Rh4+ Kg6 32. Qg5# 
{VampireGod checkmated} 1-0

[Event "fics rated crazyhouse match"]
[Site "fics, Oklahoma City, OK USA"]
[Date "2000.12.01"]
[White "Bugzilla"]
[WhiteElo "2246"]
[Black "VABORIS"]
[BlackElo "2279"]
[TimeControl "60+0"]
[Result "0-1"]

1. e4 e6 2. Nc3 Nc6 3. d4 Bb4 4. a3 Bxc3+ 5. bxc3 Nf6 6. e5 
Nd5 7. Bd2 d6 8. Qg4 N@g6 9. B@g5 Qd7 10. exd6 Qxd6 11. h4 e5 
12. P@f5 h5 13. Qf3 P@g4 14. Qe4 Nge7 15. Bxe7 Ndxe7 16. dxe5 Nxe5 17. f6 
Qxf6 18. Bg5 P@d2+ 19. Kxd2 Qd6+ 20. Ke1 Bf5 21. Qxb7 B@e4 22. Qb5+ c6 
23. Qe2 Bxc2 24. P@d4 Nd3+ 25. Kd2 P@e3+ 26. fxe3 c5 27. P@e5 Nxe5 28. Ke1 
cxd4 29. exd4 P@f2+ 30. Qxf2 P@d2+ 31. Kxd2 Nf3# 
{Bugzilla forfeits on time} 0-1

[Event "fics rated crazyhouse match"]
[Site "fics, Oklahoma City, OK USA"]
[Date "2000.12.01"]
[White "VABORIS"]
[WhiteElo "2286"]
[Black "Bugzilla"]
[BlackElo "2239"]
[TimeControl "60+0"]
[Result "1-0"]

1. e4 Nf6 2. Nc3 d5 3. exd5 Nxd5 4. d4 e6 5. Bd2 Bb4 6. Nxd5 
Bxd2+ 7. Qxd2 exd5 8. P@h6 N@e4 9. hxg7 Rg8 10. Bb5+ P@c6 11. Qe2 cxb5 
12. B@e5 B@d2+ 13. Kf1 B@h6 14. P@f3 Nc6 15. fxe4 Nxe5 16. dxe5 dxe4 17. N@f6+ 
Qxf6 18. exf6 B@d6 19. N@d5 P@f5 20. Nxc7+ Kd7 21. Nxa8 N@f4 22. N@c5+ Kc6 
23. Qxb5+ Kxb5 24. a4+ Kxc5 25. Q@b5+ Kd4 26. c3+ Bxc3 27. bxc3+ Kxc3 28. B@b2+ 
Kc2 29. Rc1+ Kd2 30. Nf3+ exf3 31. R@d1# 
{Bugzilla checkmated} 1-0

[Event "fics rated crazyhouse match"]
[Site "fics, Oklahoma City, OK USA"]
[Date "2000.12.01"]
[White "Bugzilla"]
[WhiteElo "2232"]
[Black "VABORIS"]
[BlackElo "2293"]
[TimeControl "60+0"]
[Result "1-0"]

1. e4 e6 2. Nc3 Nc6 3. d4 Bb4 4. a3 Bxc3+ 5. bxc3 Nf6 6. e5 
Nd5 7. Bd2 d6 8. Bb5 dxe5 9. dxe5 N@h4 10. B@e4 P@f5 11. Bxd5 Qxd5 
12. Bxc6+ bxc6 13. N@h5 Nxg2+ 14. Kf1 Ba6+ 15. P@d3 Ne3+ 16. fxe3 P@g2+ 17. Ke2 
B@g4+ 18. N@f3 Bxh5 19. N@f2 gxh1=Q 20. Nxh1 B@e4 21. P@g2 N@h4 22. Qf1 Baxd3+ 
23. cxd3 Bhxf3+ 24. Nxf3 Qxd3+ 25. Kf2 N@g4+ 26. Kg1 Nxf3+ 27. gxf3 Qxf1+ 28. Rxf1 
N@e2+ 29. Kg2 Bxf3+ 30. Kxf3 Q@e4+ 31. Kxe2 P@d3+ 32. Ke1 R@e2+ 33. Kd1 P@c2+ 
34. Kc1 Rxd2 35. B@d7+ Kf8 36. Q@e8+ Rxe8 37. N@g6+ Kg8 38. B@f6 
{VABORIS forfeits on time} 1-0

[Event "fics rated crazyhouse match"]
[Site "fics, Oklahoma City, OK USA"]
[Date "2000.12.01"]
[White "VABORIS"]
[WhiteElo "2284"]
[Black "Bugzilla"]
[BlackElo "2241"]
[TimeControl "60+0"]
[Result "0-1"]

1. e4 Nf6 2. Nc3 d5 3. exd5 Nxd5 4. d4 e6 5. Bd2 Nc6 6. Nf3 
P@g4 7. Ne5 Nxd4 8. Nxf7 Kxf7 9. Bd3 P@f5 10. P@e4 N@f4 11. Rg1 Nxc3 
12. Bxc3 N@e2 13. N@e5+ Ke7 14. Bb4+ Kf6 15. Bxe2 Bxb4+ 16. c3 Nfxe2 17. N@h5+ 
Ke7 18. cxb4 Nxg1 19. Nxg7 B@e2 20. B@c5+ Kf6 21. Nh5+ Kg5 22. Qd2+ Kxh5 
23. Qxd4 R@f1+ 24. Kd2 Qxd4+ 25. Bxd4 N@c4+ 26. Nxc4 Q@d3# 
{VABORIS checkmated} 0-1

[Event "fics rated crazyhouse match"]
[Site "fics, Oklahoma City, OK USA"]
[Date "2000.12.01"]
[White "Bugzilla"]
[WhiteElo "2250"]
[Black "VABORIS"]
[BlackElo "2275"]
[TimeControl "60+0"]
[Result "1-0"]

1. e4 e6 2. Nc3 Nc6 3. d4 Bb4 4. a3 Bxc3+ 5. bxc3 Nf6 6. e5 
Nd5 7. Bd2 d6 8. Nf3 dxe5 9. B@h4 P@f6 10. dxe5 N@f5 11. P@e4 Nxh4 
12. Nxh4 fxe5 13. exd5 Qxh4 14. dxc6 bxc6 15. N@f3 Qe7 16. Nxe5 P@d7 17. N@h5 
f6 18. P@f7+ Kd8 19. Nxg7 fxe5 20. N@h5 Qxf7 21. Bg5+ P@e7 22. P@f6 B@f8 
23. fxe7+ Bxe7 24. Bxe7+ Qxe7 25. B@f6 Qxf6 26. Nxf6 P@e7 27. Nxe6# 
{VABORIS checkmated} 1-0

[Event "fics rated crazyhouse match"]
[Site "fics, Oklahoma City, OK USA"]
[Date "2000.12.01"]
[White "VABORIS"]
[WhiteElo "2266"]
[Black "Bugzilla"]
[BlackElo "2259"]
[TimeControl "60+0"]
[Result "0-1"]

1. e4 Nf6 2. Nc3 Nc6 3. d4 e5 4. d5 Nd4 5. Be3 Bc5 6. Bc4 
d6 7. Nge2 Nxe2 8. Nxe2 Bxe3 9. fxe3 Nxe4 10. O-O P@h3 11. B@f3 N@g5 
12. N@h5 Rg8 13. Bd3 hxg2 14. Bfxe4 gxf1=Q+ 15. Qxf1 Nh3+ 16. Kh1 R@f2 17. P@g2 
Rxf1+ 18. Rxf1 B@g4 19. Bxh7 Bxe2 20. Nxg7+ Rxg7 21. R@h8+ N@f8 22. Rxf8+ Kxf8 
{VABORIS forfeits on time} 0-1

[Event "fics rated crazyhouse match"]
[Site "fics, Oklahoma City, OK USA"]
[Date "2000.12.01"]
[White "Leech"]
[WhiteElo "2246"]
[Black "LINDEGREN"]
[BlackElo "2299"]
[TimeControl "60+0"]
[Result "0-1"]

1. e4 Nf6 2. e5 Nc6 3. exf6 gxf6 4. d4 d5 5. Nf3 Rg8 6. Rg1 
Bg4 7. h3 Bxf3 8. Qxf3 Nxd4 9. Qd1 e5 10. B@g4 P@f5 11. Bge2 P@f3 
12. Bxf3 Nxf3+ 13. Qxf3 B@e4 14. Qd1 N@d4 15. P@d3 Nxc2+ 16. Qxc2 P@h2 17. Rh1 
Bxg2 18. Bxg2 Rxg2 19. B@f3 Rg1+ 20. N@f1 P@g2 21. Bxg2 Rxg2 22. N@e3 Rg1 
23. Rxh2 B@f4 24. Nxf5 Bxh2 25. P@e7 Bxe7 26. Qa4+ B@c6 27. P@d7+ Kxd7 28. P@b5 
P@g2 29. bxc6+ bxc6 30. Qxc6+ Kxc6 31. P@b5+ Kxb5 32. Nc3+ Kb6 33. Na4+ Kb7 
{Leech forfeits on time} 0-1

[Event "fics rated crazyhouse match"]
[Site "fics, Oklahoma City, OK USA"]
[Date "2000.12.01"]
[White "LINDEGREN"]
[WhiteElo "2306"]
[Black "Leech"]
[BlackElo "2239"]
[TimeControl "60+0"]
[Result "0-1"]

1. e4 e6 2. Nc3 Nf6 3. d4 d5 4. exd5 Nxd5 5. Nf3 Bb4 6. Bd2 
Bxc3 7. bxc3 N@e4 8. P@b2 P@a3 9. Bb5+ Bd7 10. Bxd7+ Nxd7 11. O-O axb2 
12. Rb1 Ndxc3 13. Bxc3 Nxc3 14. Qd2 Nxb1 15. Rxb1 B@c1 16. Rxc1 bxc1=Q+ 17. Qxc1 
P@e4 18. N@h5 exf3 19. Nxg7+ Kf8 20. Nxe6+ fxe6 21. P@g7+ Kxg7 22. B@h6+ Kf7 
23. Qf4+ R@f5 24. B@h5+ P@g6 25. Bxf3 Rxf4 26. Bxf4 R@e1+ 27. B@f1 N@h4 28. R@g3 
Nxf3+ 29. Kh1 Rxf1# 
{LINDEGREN resigns} 0-1

[Event "fics rated crazyhouse match"]
[Site "fics, Oklahoma City, OK USA"]
[Date "2000.12.01"]
[White "Leech"]
[WhiteElo "2249"]
[Black "LINDEGREN"]
[BlackElo "2296"]
[TimeControl "60+0"]
[Result "0-1"]

1. e4 e6 2. Nc3 Nf6 3. d4 d5 4. e5 Ne4 5. Nh3 Nc6 6. Bb5 
Bb4 7. Bd2 Bxc3 8. bxc3 Nxd2 9. Qxd2 N@e4 10. Qe3 B@d2+ 11. Qxd2 Nxd2 
12. Kxd2 Bd7 13. Bxc6 Bxc6 14. B@e3 B@b2 15. Rab1 Bxc3+ 16. Kxc3 a5 17. Kd2 
P@c5 18. dxc5 d4 19. Bg5 Q@c3+ 20. Kd1 d3 21. P@d7+ Qxd7 22. B@d2 dxc2+ 
23. Ke1 cxb1=Q+ 24. B@d1 Qxd1+ 25. Kxd1 P@c2+ 26. Ke2 Qdd3# 
{Leech forfeits on time} 0-1

[Event "fics rated crazyhouse match"]
[Site "fics, Oklahoma City, OK USA"]
[Date "2000.12.01"]
[White "LINDEGREN"]
[WhiteElo "2303"]
[Black "Leech"]
[BlackElo "2242"]
[TimeControl "60+0"]
[Result "1-0"]

1. e4 e6 2. Nc3 Nf6 3. d4 d5 4. exd5 Nxd5 5. Nf3 Bb4 6. Bd2 
Bxc3 7. bxc3 N@e4 8. P@b2 P@a3 9. Bd3 axb2 10. Bxe4 bxa1=Q 11. Qxa1 R@g4 
12. B@d3 Rxg2 13. P@g3 Nf6 14. Ne5 Nxe4 15. Bxe4 B@d5 16. Bxd5 Qxd5 17. B@f3 
B@e4 18. N@f4 Bxf3 19. Nxd5 Bxd5 20. N@h5 Rg8 21. c4 N@f3+ 22. Nxf3 Bxf3 
23. N@f6+ gxf6 24. Nxf6+ Kf8 25. Q@e8+ Kg7 26. Qxg8+ Kxf6 27. Qg5# 
{Leech checkmated} 1-0

[Event "fics rated crazyhouse match"]
[Site "fics, Oklahoma City, OK USA"]
[Date "2000.12.01"]
[White "Leech"]
[WhiteElo "2235"]
[Black "LINDEGREN"]
[BlackElo "2310"]
[TimeControl "60+0"]
[Result "0-1"]

1. e4 Nf6 2. Nc3 Nc6 3. Bb5 d5 4. exd5 Nxd5 5. Bxc6+ bxc6 6. Nf3 
e6 7. d4 Bb4 8. Bd2 Bxc3 9. bxc3 N@e4 10. P@b2 B@h5 11. B@e2 Bxf3 
12. Bxf3 Nxd2 13. Qxd2 B@g5 14. B@e3 P@f4 15. Bxd5 fxe3 16. Bxc6+ B@d7 17. Bxd7+ 
Bxd7 18. fxe3 N@e4 19. Qe2 B@d2+ 20. Kf1 Bdxe3 21. B@e1 P@f2 22. Bxf2 Bxf2 
23. N@f3 B@g4 24. Qxe4 Bxf3 25. Qxf3 N@d2+ 26. Kxf2 Nxf3 27. Rhe1 Q@d2+ 28. P@e2 
Qe3+ 29. Kf1 Nxh2# 
{Leech checkmated} 0-1

[Event "fics rated crazyhouse match"]
[Site "fics, Oklahoma City, OK USA"]
[Date "2000.12.01"]
[White "LINDEGREN"]
[WhiteElo "2316"]
[Black "Leech"]
[BlackElo "2229"]
[TimeControl "60+0"]
[Result "1-0"]

1. e4 e6 2. Nc3 d5 3. d4 Nf6 4. exd5 Nxd5 5. Nf3 Bb4 6. Bd2 
Bxc3 7. bxc3 N@e4 8. P@b2 P@a3 9. Bd3 axb2 10. Bxe4 bxa1=Q 11. Qxa1 R@g4 
12. N@g3 P@f4 13. Bxd5 fxg3 14. hxg3 Qxd5 15. B@h5 Re4+ 16. P@e3 B@b5 17. Bxf7+ 
Kxf7 18. N@g5+ Ke7 19. Nxe4 Qxe4 20. R@e5 Qxc2 21. Rxb5 B@c4 22. Rg5 N@d3+ 
23. Kf1 Ne5+ 24. Kg1 Nxf3+ 25. gxf3 N@e2+ 26. Kg2 N@f7 27. Rxg7 P@e4 28. B@h4+ 
Ke8 29. Rxf7 
{Leech forfeits on time} 1-0

[Event "fics rated crazyhouse match"]
[Site "fics, Oklahoma City, OK USA"]
[Date "2000.12.01"]
[White "Leech"]
[WhiteElo "2223"]
[Black "LINDEGREN"]
[BlackElo "2322"]
[TimeControl "60+0"]
[Result "0-1"]

1. e3 Nf6 2. d4 Nc6 3. Nc3 d5 4. Nf3 e6 5. Be2 Bb4 6. O-O 
Bxc3 7. bxc3 Ne4 8. Bd2 N@f5 9. Rb1 O-O 10. Ne5 f6 11. Nxc6 bxc6 
12. f3 Nxd2 13. Qxd2 B@h6 14. B@f4 Bxf4 15. exf4 B@e3+ 16. Qxe3 Nxe3 17. B@d3 
N@h3+ 18. Kh1 Q@g1+ 19. Rxg1 Nf2# 
{Leech checkmated} 0-1

[Event "fics rated crazyhouse match"]
[Site "fics, Oklahoma City, OK USA"]
[Date "2000.12.01"]
[White "LINDEGREN"]
[WhiteElo "2328"]
[Black "Leech"]
[BlackElo "2217"]
[TimeControl "60+0"]
[Result "1-0"]

1. e4 Nf6 2. Nc3 d5 3. exd5 Nxd5 4. d4 Nxc3 5. bxc3 e5 6. Nf3 
Nc6 7. d5 Ne7 8. Nxe5 Qxd5 9. Qxd5 Nxd5 10. Bc4 Q@e4+ 11. Q@e2 Qxe2+ 
12. Bxe2 Nxc3 13. Nxf7 Q@e7 14. N@e5 Nxe2 15. Q@d8+ Qxd8 16. Nxd8 Q@e7 17. P@f7+ 
Kxd8 18. Q@e8+ Qxe8 19. fxe8=Q+ Kxe8 20. P@f7+ Ke7 21. Bg5+ Kd6 22. Nc4+ Kc5 
23. P@b4+ Kxc4 24. Q@b3+ Kb5 25. a4+ Kc6 26. b5+ Kd7 27. Qd5+ Q@d6 28. Qxd6+ 
Bxd6 29. Q@g4+ B@e6 30. Qxe2 Q@c3+ 31. Bd2 
{Leech forfeits on time} 1-0

[Event "fics rated crazyhouse match"]
[Site "fics, Oklahoma City, OK USA"]
[Date "2000.12.01"]
[White "Leech"]
[WhiteElo "2211"]
[Black "LINDEGREN"]
[BlackElo "2334"]
[TimeControl "60+0"]
[Result "0-1"]

1. e4 Nf6 2. Nc3 Nc6 3. d3 d5 4. Nf3 dxe4 5. dxe4 Qxd1+ 6. Kxd1 
P@d4 7. Nd5 Q@d8 8. Nxf6+ exf6 9. Bb5 Bc5 10. N@d3 Bb6 11. P@d5 Bd7 
12. dxc6 bxc6 13. Ba4 P@c3 14. N@h5 Rg8 15. Re1 cxb2 16. Bxb2 N@c3+ 17. Bxc3 
dxc3 18. e5 P@d2 19. Re2 B@f1 20. exf6+ Bxe2+ 21. Kxe2 gxf6 22. Q@e4+ R@e6 
23. P@e5 P@f5 24. Qxf5 Rxe5+ 25. Nfxe5 Bxf5 26. Bxc6+ P@d7 27. N@g7+ Kf8 
{Leech forfeits on time} 0-1

[Event "fics rated crazyhouse match"]
[Site "fics, Oklahoma City, OK USA"]
[Date "2000.12.01"]
[White "venomous"]
[WhiteElo "2386"]
[Black "tantheman"]
[BlackElo "2180"]
[TimeControl "60+0"]
[Result "1-0"]

1. e4 e6 2. Nc3 b6 3. d4 Bb7 4. Bd3 Nf6 5. Nf3 d5 6. exd5 
Nxd5 7. O-O Nxc3 8. bxc3 P@e4 9. P@a6 Nxa6 10. Bxa6 Bxa6 11. Ng5 P@e2 
12. Qxe2 Bxe2 13. Re1 N@h4 14. P@d7+ Kxd7 15. N@e5+ Kc8 16. Rxe2 Qxg5 17. B@a6+ 
P@b7 18. Bxb7+ Kxb7 19. P@c6+ Ka6 20. Bxg5 N@h3+ 21. Kh1 B@f3 22. Nxf3 exf3 
23. B@c4+ b5 24. Q@a4+ B@a5 25. Qxb5# 
{tantheman checkmated} 1-0

[Event "fics rated crazyhouse match"]
[Site "fics, Oklahoma City, OK USA"]
[Date "2000.12.01"]
[White "LINDEGREN"]
[WhiteElo "2339"]
[Black "Leech"]
[BlackElo "2206"]
[TimeControl "60+0"]
[Result "1-0"]

1. e4 Nf6 2. Nc3 d5 3. exd5 Nxd5 4. d4 e6 5. a3 Bd6 6. Nxd5 
exd5 7. Nf3 Nc6 8. Bb5 Bd7 9. P@e5 Be7 10. Bxc6 Bxc6 11. N@h5 Rg8 
12. N@f5 B@f8 13. Qe2 P@e6 14. Nfxg7+ Bxg7 15. P@f6 Bgxf6 16. exf6 Bxf6 17. Nxf6+ 
Qxf6 18. B@g5 Qh8 19. B@e5 P@g7 20. Bxc7 P@f6 21. Bgf4 Kd7 22. Bce5 N@e8 
23. Bcd2 Rc8 24. Bb4 a6 25. O-O Bb5 26. P@d3 N@f5 27. a4 Bc6 28. Bc5 
g5 29. Bg3 fxe5 30. Bxe5 
{Leech forfeits on time} 1-0

[Event "fics rated crazyhouse match"]
[Site "fics, Oklahoma City, OK USA"]
[Date "2000.12.01"]
[White "Leech"]
[WhiteElo "2201"]
[Black "LINDEGREN"]
[BlackElo "2344"]
[TimeControl "60+0"]
[Result "1-0"]

1. e3 Nf6 2. d4 Nc6 3. Nc3 d5 4. Bb5 e6 5. Nf3 Bd7 6. Bxc6 
Bxc6 7. Ne5 Bd6 8. Nxc6 bxc6 9. B@b7 B@d7 10. Bxa8 Qxa8 11. N@e5 N@h4 
12. R@g4 Nxg4 13. Qxg4 Bxe5 14. dxe5 B@e7 15. Qxg7 N@f3+ 16. gxf3 Nxf3+ 17. Kd1 
R@g8 18. N@f6+ Bxf6 19. exf6 Rxg7 20. fxg7 Q@g8 21. N@f6+ Kd8 22. P@e7+ Kxe7 
23. Nxg8+ Rxg8 24. B@f8+ Rxf8 25. gxf8=Q+ Kxf8 26. R@h8+ B@g8 27. B@f6 P@e2+ 28. Nxe2 
N@f5 29. Rxg8+ Kxg8 30. R@h8# 
{LINDEGREN checkmated} 1-0

[Event "fics rated crazyhouse match"]
[Site "fics, Oklahoma City, OK USA"]
[Date "2000.12.01"]
[White "tantheman"]
[WhiteElo "2176"]
[Black "venomous"]
[BlackElo "2390"]
[TimeControl "60+0"]
[Result "1-0"]

1. e4 e6 2. Nc3 b6 3. Nf3 Bb7 4. d4 Nf6 5. Bd3 Bb4 6. Bg5 
Nc6 7. O-O Be7 8. Bxf6 Bxf6 9. e5 Be7 10. N@h5 B@f8 11. Ne4 d5 
12. exd6 cxd6 13. P@e5 dxe5 14. dxe5 P@g4 15. P@f6 gxf3 16. Qxf3 Nxe5 17. Qg3 
Bxf6 18. Nhxf6+ gxf6 19. P@c7 Qxc7 20. Nxf6+ Kd8 21. B@f4 P@d6 22. Bxe5 dxe5 
23. Rad1 B@d4 24. P@g7 Bxg7 25. Qxg7 N@h3+ 26. gxh3 N@f3+ 27. Kh1 Ne1+ 28. B@e4 
P@g2+ 29. Bxg2 Bxg2+ 30. Qxg2 Nxg2 31. B@f3 B@b7 32. Bxb7 Qxb7 33. B@e4 
{venomous forfeits on time} 1-0

[Event "fics rated crazyhouse match"]
[Site "fics, Oklahoma City, OK USA"]
[Date "2000.12.01"]
[White "LINDEGREN"]
[WhiteElo "2333"]
[Black "Leech"]
[BlackElo "2212"]
[TimeControl "60+0"]
[Result "1-0"]

1. e4 d5 2. Nc3 Nf6 3. exd5 Nxd5 4. d4 e6 5. Nf3 Nc6 6. Nxd5 
exd5 7. Bb5 Bd7 8. Qe2+ Be7 9. Bxc6 bxc6 10. Ne5 P@f6 11. N@h5 Rg8 
12. Nxd7 Qxd7 13. B@h3 B@f5 14. Bxf5 Qxf5 15. B@g4 Qg6 16. P@e6 fxe6 17. Bxe6 
P@f7 18. Bxf7+ Kxf7 19. P@e6+ Kf8 20. P@f7 Qxf7 21. exf7 Kxf7 22. Nf4 P@d7 
23. Q@h5+ B@g6 24. Nxg6 hxg6 25. Qhf3 P@f5 26. B@h7 B@h5 27. Qxh5 gxh5 28. B@g6+ 
Kf8 29. Bxf5 
{Leech forfeits on time} 1-0

[Event "fics rated crazyhouse match"]
[Site "fics, Oklahoma City, OK USA"]
[Date "2000.12.01"]
[White "venomous"]
[WhiteElo "2378"]
[Black "tantheman"]
[BlackElo "2188"]
[TimeControl "60+0"]
[Result "1-0"]

1. e4 e6 2. d4 Nc6 3. Be3 Nf6 4. Bd3 Be7 5. Nc3 O-O 6. Nf3 
b6 7. O-O Bb7 8. Qe2 d5 9. e5 Ng4 10. Rae1 Nxe3 11. fxe3 Bg5 
12. Nxg5 Qxg5 13. B@f4 Qe7 14. N@f6+ gxf6 15. exf6 Qxf6 16. Be5 Qxe5 17. dxe5 
B@h6 18. Qg4+ P@g7 19. P@f6 N@e8 20. fxg7 Nxg7 21. P@f6 P@f5 22. fxg7 N@g6 
23. Qxg6 fxg6 24. Q@h8+ Kf7 25. gxf8=Q+ Rxf8 26. Qxh7+ P@g7 27. N@h4 B@h5 28. P@f6 
d4 29. fxg7 Bxg7 30. N@g5+ Ke8 31. Qxg7 P@f7 32. R@g8 Rxg8 33. Qxf7+ Kd8 
34. Nxe6# 
{tantheman resigns} 1-0

[Event "fics rated crazyhouse match"]
[Site "fics, Oklahoma City, OK USA"]
[Date "2000.12.01"]
[White "Leech"]
[WhiteElo "2207"]
[Black "LINDEGREN"]
[BlackElo "2338"]
[TimeControl "60+0"]
[Result "0-1"]

1. e4 Nf6 2. Nc3 Nc6 3. d4 d5 4. e5 Ne4 5. Nf3 e6 6. Bb5 
Bb4 7. Bd2 Bxc3 8. bxc3 Nxd2 9. Nxd2 N@f4 10. Rg1 Bd7 11. Bxc6 Bxc6 
12. B@e3 B@h6 13. N@g4 B@g5 14. Nxh6 Bxh6 15. N@g4 Bg5 16. Nf3 Nxg2+ 17. Rxg2 
Bxe3 18. Nxe3 B@h6 19. N@h5 P@f4 20. B@f6 gxf6 21. Nxf6+ Qxf6 22. exf6 B@d6 
23. P@g7 Rg8 24. B@e7 fxe3 25. Bxd6 exf2+ 26. Rxf2 N@f5 27. Q@f8+ Rxf8 
{Leech forfeits on time} 0-1

[Event "fics rated crazyhouse match"]
[Site "fics, Oklahoma City, OK USA"]
[Date "2000.12.01"]
[White "tantheman"]
[WhiteElo "2184"]
[Black "venomous"]
[BlackElo "2382"]
[TimeControl "60+0"]
[Result "1-0"]

1. e4 e6 2. Nc3 Nc6 3. Nf3 Nf6 4. e5 Ng4 5. d4 d6 6. exd6 
cxd6 7. Bd3 P@f5 8. O-O Bd7 9. P@h3 Nf6 10. Bf4 Be7 11. Re1 O-O 
12. Bc4 d5 13. Bb5 Ne4 14. Bxc6 Bxc6 15. Ne5 Nxc3 16. bxc3 N@e4 17. Bg3 
Nxc3 18. Qh5 B@g6 19. Nxg6 fxg6 20. Qf3 Ne4 21. N@f4 P@f7 22. N@h5 gxh5 
23. Nxh5 N@g5 24. Qf4 N@g6 25. Qc1 Rc8 26. B@e3 Ba4 27. P@b3 Bb5 28. Bxg5 
Bxg5 29. Nxg7 Bxc1 30. Raxc1 B@h6 31. Nh5 Nxg3 32. hxg3 B@h8 33. B@e5 f6 
34. Bxf6 Bxf6 35. Nxf6+ Rxf6 36. N@h5 Rf7 37. B@e5 Nxe5 38. dxe5 B@g7 39. N@f6+ 
Kh8 40. P@d7 Bxc1 41. dxc8=Q Qxc8 42. R@g8+ Qxg8 43. Nxg8 N@e2+ 44. Kh2 R@h1+ 
45. Kxh1 B@g1 46. Rxg1 
{venomous forfeits on time} 1-0

[Event "fics rated crazyhouse match"]
[Site "fics, Oklahoma City, OK USA"]
[Date "2000.12.01"]
[White "LINDEGREN"]
[WhiteElo "2343"]
[Black "Leech"]
[BlackElo "2202"]
[TimeControl "60+0"]
[Result "1-0"]

1. e4 e6 2. Nc3 Nf6 3. d4 d5 4. exd5 Nxd5 5. Nf3 Bb4 6. Bd2 
Bxc3 7. bxc3 N@e4 8. P@b2 P@a3 9. Bd3 axb2 10. Bxe4 bxa1=Q 11. Qxa1 R@g4 
12. N@g3 P@f4 13. Bxd5 fxg3 14. hxg3 Qxd5 15. B@h5 Qe4+ 16. P@e3 N@a3 17. N@b4 
B@e7 18. Bxg4 Bxb4 19. O-O Nxc2 20. Qd1 Be7 21. Ne5 Nd7 22. P@d3 Nxe5 
23. dxe4 P@e2 24. Qxe2 N@d3 25. dxe5 Nxe5 26. N@h5 Rg8 27. P@f4 Nxg4 28. Qxg4 
{Leech forfeits on time} 1-0

[Event "fics rated crazyhouse match"]
[Site "fics, Oklahoma City, OK USA"]
[Date "2000.12.01"]
[White "venomous"]
[WhiteElo "2370"]
[Black "tantheman"]
[BlackElo "2196"]
[TimeControl "60+0"]
[Result "1-0"]

1. e4 e6 2. d4 d5 3. e5 Nc6 4. Nh3 Nge7 5. Be3 Nf5 6. Be2 
Be7 7. O-O O-O 8. Nc3 Bd7 9. Qd2 Nxe3 10. fxe3 B@e4 11. Nxe4 dxe4 
12. N@h5 N@g5 13. Nxg5 Bxg5 14. Nxg7 Kxg7 15. P@f6+ Kg8 16. N@h3 Bh6 17. B@g5 
Bxg5 18. Nxg5 B@h6 19. Nxe4 N@f5 20. P@g5 Bxg5 21. Nxg5 P@g7 22. Rxf5 exf5 
23. B@h4 N@e4 24. Nxe4 fxe4 25. N@h5 N@h3+ 26. gxh3 Bxh3 27. N@f4 P@g2 28. Nxh3 
R@h1+ 29. Kxg2 Rxa1 30. B@e1 Rxe1 31. Qxe1 B@f3+ 32. Bxf3 exf3+ 33. Kxf3 Qd7 
34. R@h8+ Kxh8 35. fxg7+ Kg8 36. N@f6# 
{tantheman checkmated} 1-0

[Event "fics rated crazyhouse match"]
[Site "fics, Oklahoma City, OK USA"]
[Date "2000.12.01"]
[White "Leech"]
[WhiteElo "2197"]
[Black "LINDEGREN"]
[BlackElo "2348"]
[TimeControl "60+0"]
[Result "0-1"]

1. e4 Nf6 2. Nc3 Nc6 3. Bb5 d5 4. e5 Ne4 5. d3 Nxc3 6. bxc3 
e6 7. Nf3 Bd7 8. Bxc6 Bxc6 9. d4 B@h5 10. N@f4 Bxf3 11. Qxf3 N@h4 
12. Qg4 Nf5 13. B@g5 Qd7 14. N@g3 N@e4 15. Nxf5 exf5 16. Qh4 Nxg5 17. Qxg5 
B@h6 18. Qg3 N@e4 19. Qd3 Bxf4 20. Bxf4 N@b2 21. Qe3 Nxc3 22. Qxc3 Na4 
23. Qd3 P@e4 24. Qe2 Bb4+ 25. B@d2 Nc3 26. Qh5 Nxa2 27. Rxa2 Bxd2+ 28. Bxd2 
B@c4 29. Rb2 P@d3 30. cxd3 exd3 31. P@f6 P@e7 32. fxg7 Rg8 33. Qxh7 O-O-O 
34. Qxg8 Rxg8 35. R@a8+ Q@b8 36. Rxb8+ Kxb8 37. P@h7 Rc8 38. g8=Q R@a1# 
{Leech forfeits on time} 0-1

[Event "fics rated crazyhouse match"]
[Site "fics, Oklahoma City, OK USA"]
[Date "2000.12.01"]
[White "tantheman"]
[WhiteElo "2192"]
[Black "venomous"]
[BlackElo "2374"]
[TimeControl "60+0"]
[Result "0-1"]

1. d3 e6 2. g3 b6 3. Bg2 Nc6 4. Nc3 Nf6 5. Nf3 Bb4 6. O-O 
Bb7 7. e4 O-O 8. Bg5 Be7 9. Bxf6 Bxf6 10. N@g4 B@h5 11. Nxf6+ Qxf6 
12. B@h4 Qg6 13. e5 N@f5 14. Ne4 Nxh4 15. Nxh4 Bxd1 16. Nxg6 fxg6 17. N@f6+ 
gxf6 18. Nxf6+ Rxf6 19. exf6 B@h6 20. P@g7 N@e2+ 21. Kh1 Kf7 22. Raxd1 N@g4 
23. B@e1 Nxf6 24. R@f8+ Rxf8 25. gxf8=Q+ Kxf8 26. R@c4 P@h3 27. Bxh3 Ncd4+ 28. P@g2 
P@g4 29. Rxc7 gxh3 30. Q@d8+ N@e8 31. P@e7+ Kf7 32. Rxb7 hxg2+ 33. Kxg2 Q@f3+ 
34. Kh3 R@h5+ 35. P@h4 B@g4# 
{tantheman checkmated} 0-1

[Event "fics rated crazyhouse match"]
[Site "fics, Oklahoma City, OK USA"]
[Date "2000.12.01"]
[White "LINDEGREN"]
[WhiteElo "2353"]
[Black "Leech"]
[BlackElo "2192"]
[TimeControl "60+0"]
[Result "1-0"]

1. e4 e6 2. Nc3 Nf6 3. d4 d5 4. exd5 Nxd5 5. Nf3 Nc6 6. Bd2 
Be7 7. Nxd5 exd5 8. Bb5 O-O 9. Bxc6 bxc6 10. P@h6 gxh6 11. Bxh6 N@f5 
12. Bxf8 Qxf8 13. Ne5 P@b7 14. N@g4 B@f6 15. O-O B@g7 16. N@h5 P@d6 17. Nhxf6+ 
Bexf6 18. Nf3 N@f4 19. Nxf6+ Bxf6 20. R@g4+ N@g6 21. P@e3 Nxe3 22. fxe3 Bxg4 
23. exf4 Nxf4 24. B@g5 Bxg5 25. Nxg5 Bxd1 26. N@f6+ Kh8 27. Raxd1 B@e3+ 28. B@f2 
P@e2 29. Nfxh7 exd1=Q 30. Rxd1 Bxf2+ 31. Kh1 P@h3 32. B@f6+ B@g7 33. B@f3 
{Leech forfeits on time} 1-0

[Event "fics rated crazyhouse match"]
[Site "fics, Oklahoma City, OK USA"]
[Date "2000.12.01"]
[White "Leech"]
[WhiteElo "2187"]
[Black "LINDEGREN"]
[BlackElo "2358"]
[TimeControl "60+0"]
[Result "0-1"]

1. e4 Nf6 2. e5 Nc6 3. exf6 gxf6 4. d4 d5 5. Nf3 Rg8 6. Nc3 
Bg4 7. Be2 P@e4 8. Ng1 Bxe2 9. Ngxe2 Rxg2 10. B@h3 P@f3 11. Nf4 e6 
12. Nxg2 fxg2 13. Bxg2 B@f3 14. Bxf3 exf3 15. Rg1 B@e2 16. Nxe2 fxe2 17. Qxe2 
Nxd4 18. B@h6 N@f3+ 19. Kd1 Nxe2 20. P@g7 N@c3+ 21. bxc3 Nxc3# 
{Leech checkmated} 0-1